 Dungeon Crawl Stone Soup version 0.30.1-4-g462c640d31 (webtiles) character file.

Game seed: 10656870989845003454

4855 croobank the Covert (level 10, -2/85 (92) HPs)
             Began as an Armataur Delver on Aug 25, 2023.
             Was an Initiate of Gozag.
             Slain by Psyche
             ... wielding a +4 dagger of distortion
              (20 damage)
             ... on level 8 of the Dungeon.
             The game lasted 00:32:44 (9763 turns).

croobank the Covert (Armataur Delver)               Turns: 9763, Time: 00:32:45

HP:   -2/85 (92)    AC:  0    Str: 18    XL:     10   Next: 25%
MP:   10/10         EV: 24    Int: 10    God:    Gozag
Gold: 1029          SH:  0    Dex: 21    Spells: 9/9 levels left

rFire   . . .        q - melded +2 rapier (vamp)
rCold   . . .        o - melded +2 buckler
rNeg    . . .        l - melded +0 steam dragon scales
rPois   .            z - melded +0 helmet
rElec   .            (cloak currently unavailable)
rCorr   .            (gloves currently unavailable)
SInv    .            p - melded +0 barding of Qunecumn {Str+4}
Will    .....        (no amulet)
Stlth   +++++        y - melded +6 ring of dexterity
HPRegen 0.34/turn    F - melded +6 ring of intelligence
MPRegen 0.12/turn

%: roll
@: bat-form, flying, hasted, drained, very quick
A: fast, flying, no casting, tiny, rugged brown scales 3, (deformed body),
(armoured tail), roll, long tongue, awkward tongue
a: Renounce Religion, Potion Petition, Call Merchant, Bribe Branch


You were on level 8 of the Dungeon.
You worshipped Gozag.
Gozag was most pleased with you.
You were a bat.
You visited 2 branches of the dungeon, and saw 9 of its levels.

You collected 1125 gold pieces.
You paid 96 gold pieces to Gozag.

Inventory:

Hand Weapons
 a - a +4 spear
 q - a +2 vampiric rapier (melded)
 s - a +2 vampiric short sword
 w - a +4 trident
 B - a +1 arbalest of freezing
 K - a +3 falchion
 L - a +0 glaive of flaming
 M - a +2 dagger of speed
 N - a +2 morningstar of protection
Missiles
 D - 22 poisoned darts (quivered)
 R - 4 datura-tipped darts
 S - 4 javelins
Armour
 l - +0 steam dragon scales (melded)
 o - a +2 buckler (melded)
 p - the +0 barding of Qunecumn (melded) {Str+4}
   (You acquired it on level 6 of the Dungeon)

   Str:       It affects your strength (+4).
 t - a +0 kite shield
 z - a +0 helmet (melded)
Jewellery
 y - a +6 ring of dexterity (melded)
 F - a +6 ring of intelligence (melded)
Wands
 b - a wand of roots (3)
 g - a wand of digging (3)
 k - a wand of flame (20)
 G - a wand of paralysis (4)
 Q - a wand of polymorph (2)
Scrolls
 c - a scroll of fog
 e - a scroll of fear
 v - a scroll of teleportation
 x - 3 scrolls of magic mapping
 A - 2 scrolls of blinking {unknown}
 C - 2 scrolls of poison {unknown}
 E - a scroll of vulnerability {unknown}
 I - a scroll of identify
 J - 2 scrolls of amnesia {unknown}
 O - a scroll of immolation
Potions
 d - 4 potions of curing
 f - 2 potions of haste
 h - 2 potions of magic
 i - 2 potions of cancellation
 m - 6 potions of attraction
 n - a potion of degeneration {unknown}
 r - 5 potions of lignification
 u - 3 potions of mutation {unknown}
 H - 2 potions of heal wounds {unknown}
 P - a potion of resistance {unknown}
 U - a potion of invisibility {unknown}


   Skills:
 + Level 7.2 Fighting
 + Level 6.8 Short Blades
 + Level 5.6 Dodging
 + Level 10.2 Stealth
 - Level 5.0 Shields


You had 9 spell levels left.
You didn't know any spells.
Your spell library contained the following spells:

 Spells                   Type           Power      Damage    Failure   Level
 Lesser Beckoning         Tloc           0%         N/A       50%         2
 Scorch                   Fire           0%         2d5       50%         2
 Call Canine Familiar     Summ           0%         N/A       75%         3
 Gell's Gravitas          Tloc           0%         N/A       75%         3
 Portal Projectile        Hex/Tloc       0%         N/A       75%         3
 Teleport Other           Tloc           0%         N/A       75%         3
 Flame Wave               Conj/Fire      0%         2d4       98%         4
 Leda's Liquefaction      Hex/Erth       0%         N/A       98%         4
 Lee's Rapid Deconstruct  Erth           0%         3d4*      100%        5
 Statue Form              Tmut/Erth      0%         N/A       100%        6
 Summon Cactus Giant      Summ           0%         N/A       100%        6


Dungeon Overview and Level Annotations

Branches:
Dungeon (8/15)             Temple (1/1) D:4
   Lair: D:8-11

Altars:
Cheibriados
Elyvilon
Fedhas
Gozag
Hepliaklqana
Kikubaaqudgha
Makhleb
Nemelex Xobeh
Okawaru
Sif Muna
Trog
Uskayaw
Wu Jian
Xom
Yredelemnul
Zin
The Shining One

Shops:
D:4 (

Annotations:
D:6 1 runed translucent door, Gadrel's ghost, amateur SpFi
D:8 Psyche


Innate Abilities, Weirdness & Mutations

You are a bat.
You are tiny and dextrous.
You move quickly.
You are flying.
Your equipment is almost entirely melded.
You are incapable of wielding weapons or throwing items.
You cannot cast spells.
(You are completely covered in rugged brown scales. (AC +3, +7% HP))
((Armour fits poorly on your strangely shaped body.))
((You have a long armoured tail.))
You roll when moving toward enemies. (Rampage)
Your long tongue fully drains potion bottles. (2x potion effects)
Your tongue gives you trouble enunciating. (1.5x scroll delay)


Message History

Your +2 vampiric rapier melds into your body.
Your +0 helmet melds into your body.
The +0 barding of Qunecumn {Str+4} melds into your body.
Your +2 buckler melds into your body.
Your +0 steam dragon scales melds into your body.
Your +6 ring of dexterity melds into your body.
Your +6 ring of intelligence melds into your body.
You feel the dreadful sensation subside.
You feel clumsy.
You feel stupid.
Something wriggles in the net.
You hit something. You hit something. You hit something.
Something wriggles in the net.
You completely miss something.
Something wriggles in the net.
All of a sudden the net rips apart!
You hit something but do no damage. You miss something. Something hits you.
Space warps around you.
You barely miss something.
You hear some strange, mumbled words.
You hit something. You hit something. Something hits you!
You hit something. Something misses you.
You hit something but do no damage. You miss something. Something hits you.
You blink.
Something hits you! Space warps around you.
You barely miss something. Something hits you! Space warps around you.
You closely miss something. You hit something. Something hits you.
Okay, then.
Okay, then.
You hit something. Something hits you!
* * * LOW HITPOINT WARNING * * *
Okay, then.
Aiming: Polymorph
Press: ? - help, Shift-Dir - straight line Nothing appears to happen.
Something hits you!
* * * LOW HITPOINT WARNING * * *
Space warps horribly around you!!
You die...
Your body crumbles into a pile of gold.

..................###..##
.......>................
.......................#
....................#..#
....................#...
............###.......#
...##.. .... ##.......##
...# .....#.{.......#
....# .........b.##...#
##... .......(........# #
#. ........##.#.#.## .
........##.#####
...........# ............
. .######(.... ......#
..##...#


There were no monsters in sight!

Vanquished Creatures
  A two-headed ogre (D:7)
  Maggie (D:7)
  A spriggan (D:7)
  5 humans (D:6)
  Edmund (D:5)
  An ice beast (D:6)
  3 black bears
  3 sky beasts
  An ogre (D:5)
  A phantom (D:7)
  2 kobold brigands
  A gnoll sergeant (D:5)
  3 bullfrogs
  2 scorpions (D:5)
  15 wights
  A howler monkey (D:5)
  5 jellies
  A hound (D:4)
  4 orc priests
  A sleepcap (D:5)
  3 iguanas
  8 orc wizards
  Robin (D:3)
  7 gnolls
  7 adders
  A river rat (D:5)
  A shadow imp (D:7)
  4 white imps
  3 worms (D:5)
  A dart slug (D:1)
  34 orcs
  7 endoplasms
  3 giant cockroaches
  10 goblins
  9 hobgoblins
  4 jackals (D:2)
  7 quokkas
  4 ball pythons
  3 bats
  2 frilled lizards (D:2)
  15 kobolds
  9 rats
196 creatures vanquished.

Vanquished Creatures (others)
  An orc priest (D:7)
1 creature vanquished.

Grand Total: 197 creatures vanquished

Notes
Turn   | Place    | Note
-------+----------+-------------------------------------------
     0 | D:5      | croobank the Armataur Delver began the quest for the Orb.
     0 | D:5      | Reached XP level 1. HP: 19/19 MP: 1/1
    37 | D:5      | Noticed a sleepcap
    43 | D:6      | Found a burning altar of Makhleb.
    73 | D:5      | Noticed an ogre
    97 | D:4      | Reached XP level 2. HP: 18/26 MP: 2/2
   462 | D:1      | Reached XP level 3. HP: 33/33 MP: 3/3
   639 | D:1      | Found a faded altar of an unknown god.
  1677 | D:3      | Reached skill level 1 in Shields
  1731 | D:3      | Reached XP level 4. HP: 40/40 MP: 4/4
  1876 | D:3      | Noticed Robin
  1925 | D:3      | Killed Robin
  1936 | D:3      | Reached skill level 6 in Stealth
  2674 | D:4      | Noticed a black bear
  2688 | D:4      | Killed a black bear
  2689 | D:4      | Reached XP level 5. HP: 31/48 MP: 5/5
  3008 | D:4      | Found Fadwepla's Antique Weapon Emporium.
  3095 | D:4      | Noticed a black bear
  3104 | D:4      | Killed a black bear
  3105 | D:4      | Reached XP level 6. HP: 55/55 MP: 6/6
  3108 | D:4      | Found a staircase to the Ecumenical Temple.
  3166 | Temple   | Entered the Ecumenical Temple
  3218 | Temple   | Became a worshipper of Gozag Ym Sagoz the Greedy
  3742 | D:5      | Reached XP level 7. HP: 37/63 MP: 7/7
  3898 | D:5      | Noticed Edmund
  3927 | D:5      | Killed Edmund
  3928 | D:5      | Reached skill level 7 in Stealth
  4496 | D:5      | Reached skill level 5 in Shields
  4729 | D:6      | Reached XP level 8. HP: 17/71 MP: 8/8
  5017 | D:6      | Found a sparkling altar of Nemelex Xobeh.
  5125 | D:6      | Reached skill level 5 in Fighting
  5136 | D:6      | Reached skill level 8 in Stealth
  5713 | D:6      | Reached skill level 5 in Short Blades
  5787 | D:6      | Reached XP level 9. HP: 59/80 MP: 9/9
  5880 | D:6      | Identified a scroll of acquirement
  5880 | D:6      | Acquired the +0 barding of Qunecumn {Str+4}
  6060 | D:6      | Found a bloodstained altar of Trog.
  6310 | D:6      | Found a runed translucent door.
  6315 | D:6      | Noticed Gadrel's ghost (amateur SpFi)
  6646 | D:7      | Reached skill level 9 in Stealth
  6761 | D:7      | Found a hazy altar of Hepliaklqana.
  6764 | D:7      | Found a faded altar of an unknown god.
  6845 | D:7      | Noticed a two-headed ogre
  6861 | D:7      | Killed a two-headed ogre
  6862 | D:7      | Reached skill level 5 in Dodging
  7620 | D:7      | Noticed Maggie
  7625 | D:7      | Killed Maggie
  7626 | D:7      | Reached skill level 10 in Stealth
  7626 | D:7      | Reached XP level 10. HP: 68/89 MP: 10/10
  9735 | D:8      | Noticed Psyche
  9763 | D:8      | Slain by Psyche

Illustrated notes

Levels and vault maps discovered:
D:1:      erik_arrival_triangle_small, layout_loops_ring,
          hellmonk_ecumenical_altar_heavens_door
D:2:      layout_rooms, st_stairs_9, chequers_serial_rivers_micro_b
D:3:      layout_loops_corners, hangedman_decor_growths, uniq_robin
D:4:      layout_loops_ring, minmay_temple_entry_butterflies, serial_shops,
          shop, kennysheep_potato
D:5:      layout_cave_pods, portal_sewer_entry_a, uniq_edmund
D:6:      layout_basic, nemelex_diamond_rough_becter,
          mainiacjoe_overflow_catwalk_spiral, ebering_ghost_reflecting_pool,
          nrook_uturn, chequers_serial_rivers_small_3, minmay_misc_feat_tower,
          minmay_ruffians
D:7:      layout_basic, beargit_hepliaklqana_dungeon_heroes,
          kennysheep_small_square, uniq_maggie
D:8:      layout_cave_pools, uniq_psyche
Temple:   nicolae_temple_god_jail

Skill      XL: |  1  2  3  4  5  6  7  8  9 10 |
---------------+-------------------------------+-----
Short Blades   | 2 3 5 6 |  6.8
Fighting       | 3 4 5 6 7 |  7.2
Shields        | 1 2 3 4 5 |  5.0
Dodging        | 2 3 4 5 |  5.6
Stealth        | 6 7 8 10 | 10.2

Action                     |  1- 3 |  4- 6 |  7- 9 | 10-12 || total
---------------------------+-------+-------+-------+-------++-------
  Melee: Short sword       |   113 |   182 |   217 |       ||   512
         Tailslap          |     8 |    28 |    69 |    18 ||   123
         Rapier            |       |       |    98 |   125 ||   223
         Unarmed           |       |       |       |    16 ||    16
  Throw: Dart              |       |       |    12 |    10 ||    22
         Throwing net      |       |       |     1 |     2 ||     3
         Javelin           |       |       |    27 |    12 ||    39
  Evoke: Wand              |       |       |     4 |     2 ||     6
    Use: Scroll            |     2 |       |     7 |     3 ||    12
         Potion            |       |       |     1 |     1 ||     2
   Stab: Sleeping          |    21 |    16 |    10 |     1 ||    48
         Distracted        |       |       |     2 |     2 ||     4
         Paralysed         |       |       |     1 |       ||     1
 Armour: Leather armour    |    27 |    40 |    43 |    23 ||   133
         Steam dragon scal |       |       |       |    19 ||    19
  Dodge: Dodged            |    41 |    53 |    92 |    49 ||   235
  Block: Buckler           |    16 |    51 |    70 |    47 ||   184
